 Dungeon Crawl Stone Soup version 0.21.0-25-ge575cb9 (webtiles) character file.

349 Monsterracer the Ducker (level 6, -19/50 HPs)
             Began as a Minotaur Gladiator on Jan 26, 2018.
             Was an Initiate of Hepliaklqana.
             Demolished by an orc warrior
             ... wielding a +0 halberd
              (21 damage)
             ... on level 3 of the Dungeon.
             The game lasted 00:10:04 (5414 turns).

Monsterracer the Ducker (Minotaur Gladiator)        Turns: 5414, Time: 00:10:05

Health: -19/50     AC:  8    Str: 19    XL:     6   Next: 33%
Magic:  15/15      EV: 14    Int:  5    God:    Hepliaklqana [......]
Gold:   171        SH:  0    Dex: 13    Spells: 5/5 levels left

rFire    . . .     SeeInvis .   a - +1 long sword {!a}
rCold    . . .     Gourm    .   (no shield)
rNeg     . . .     Faith    .   y - +0 ring mail
rPois    .         Spirit   .   f - +2 hat
rElec    .         Reflect  .   (no cloak)
rCorr    .         Harm     .   u - +0 pair of gloves
MR       +....                  (no boots)
Stlth    +.........             (no amulet)
HPRegen  0.16/turn              j - ring of magical power
MPRegen  0.14/turn              b - ring of protection from magic {!d}

@: no status effects
A: retaliatory headbutt, reduced essence, horns 2
a: Recall Ancestor, Ancestor Identity, Renounce Religion


You were on level 3 of the Dungeon.
You worshipped Hepliaklqana.
Hepliaklqana was noncommittal.
You were very hungry.

You visited 1 branch of the dungeon, and saw 4 of its levels.

You collected 171 gold pieces.

Inventory:

Hand Weapons
 a - a +1 long sword (weapon) {!a}
Missiles
 d - 3 throwing nets (quivered)
Armour
 f - a +2 hat (worn)
 u - a +0 pair of gloves (worn)
 y - a +0 ring mail (worn)
Jewellery
 b - a ring of protection from magic (right hand) {!d}
 j - a ring of magical power (left hand)
Scrolls
 o - a scroll of remove curse
Potions
 g - a potion of might {unknown}
 h - a potion of flight {unknown}
 i - a potion of lignification
 k - a potion of haste {unknown}
 l - a potion of mutation {!q}
 m - a potion of brilliance {unknown}
 n - a potion of curing {unknown}
 q - a potion of magic {unknown}
 s - 2 potions of heal wounds {unknown}
 t - a potion of agility {unknown}
 v - a potion of berserk rage {unknown}
Comestibles
 c - 5 rations


   Skills:
 * Level 5.6 Fighting
 - Level 3.6 Long Blades
 - Level 2.0 Throwing
 * Level 5.8 Dodging
 + Level 2.0 Invocations


You had 5 spell levels left.
You didn't know any spells.

Dungeon Overview and Level Annotations

Branches:
Dungeon (4/15)
 Temple: D:4-7

Altars:
Hepliaklqana
Ru
Vehumet


Innate Abilities, Weirdness & Mutations

You reflexively headbutt those who attack you in melee.
You have a pair of horns on your head.
Your life essence is reduced to manifest your ancestor. (-10% HP)


Message History

An orc wizard comes into view. It is wielding a dagger.
There are monsters nearby!
The orc wizard shouts!
The orc wizard casts a spell.
The orc wizard flickers and vanishes!
Deactivating autopickup; reactivate with Ctrl-A.
The orc wizard moves out of view.
Unknown command.
Found a spear.
Found a scroll of identify.
There is a stone staircase leading up here.
An orc wizard appears from thin air!
Reactivating autopickup.
The orc wizard points at you and mumbles some strange words.
The puff of flame hits you!
You take 1 damage, and have 49/50 hp.
You swap places.
The orc warrior hits you with a halberd.
There is a stone staircase leading up here.
You take 4 damage, and have 45/50 hp.
You climb upwards.
There is a stone staircase leading down here.
What are your orders? t - Shout!
Orders for allies: a - Attack new target. r - Retreat! s - Stop attacking. g - Guard the area. f - Follow me.
Anything else - Cancel.
Follow me!
The orc warrior closely misses you. You furiously retaliate!
You headbutt the orc warrior. The orc warrior misses you.
The orc warrior closely misses you.
You riposte.
You hit the orc warrior.
The orc warrior is lightly wounded.
What are your orders? t - Shout!
Orders for allies: a - Attack new target. r - Retreat! s - Stop attacking. g - Guard the area. f - Follow me.
Anything else - Cancel.
Gang up on whom?
Press: ? - help, Dir - move target cursor, f - orc warrior
Aim: an orc warrior, wielding a halberd and wearing a plate armour (lightly wounded) Attack!
Belanum barely misses the orc warrior.
The orc warrior hits you with a halberd.
You take 3 damage, and have 43/50 hp.
Belanum hits the orc warrior but does no damage.
The orc warrior hits you with a halberd.
You take 5 damage, and have 38/50 hp.
Belanum hits the orc warrior but does no damage.
The orc warrior hits you with a halberd!
Belanum hits the orc warrior but does no damage.
You take 6 damage, and have 32/50 hp.
The orc warrior hits you with a halberd!
* * * LOW HITPOINT WARNING * * *
Belanum hits the orc warrior.
You take 11 damage, and have 21/50 hp.
MASSIVE DAMAGE!!
Belanum closely misses the orc warrior.
The orc warrior hits you with a halberd!
* * * LOW HITPOINT WARNING * * *
You take 9 damage, and have 12/50 hp.
Belanum closely misses the orc warrior.
The orc warrior hits you but does no damage.
Belanum hits the orc warrior but does no damage.
The orc warrior hits Belanum with a halberd!
Belanum hits the orc warrior but does no damage.
The orc warrior hits Belanum with a halberd!
Belanum is destroyed!
Things that are here:
a dagger; a club
There is a stone staircase leading up here.
You climb upwards.
There is a stone staircase leading down here.
There is an escape hatch in the floor here.
You regained 2 hp, and now have 18/50 hp.
You start resting.
Belanum emerges from the mists of memory!
You start resting.
You are feeling hungry.
You regained 3 hp, and now have 21/50 hp.
You start resting.
HP restored.
Health restored: 50 Really go through this one-way escape hatch?
You are feeling very hungry.
You slide downwards.
The hatch slams shut behind you.
The orc warrior hits you with a halberd!!
You take 20 damage, and have 30/50 hp.
MASSIVE DAMAGE!!
The orc warrior hits you with a halberd.
You take 1 damage, and have 29/50 hp.
Belanum barely misses the orc warrior.
The orc warrior closely misses you. You furiously retaliate!
You headbutt the orc warrior, but do no damage.
Belanum barely misses the orc warrior.
The orc warrior hits you with a halberd!!
Ouch! That really hurt!
* * * LOW HITPOINT WARNING * * *
Belanum misses the orc warrior.
You take 27 damage, and have 2/50 hp.
MASSIVE DAMAGE!!
The orc warrior hits you from afar with a halberd!!
You die...

## #..# #...# #.#......# #.#
##.# #...# #.##########.# #.##
#...# #............#
#####..###...#############..#
#..........o...))...........#
#.####..###.####....#####...#
..# ##.###.#...<.......#...#
#### #..##.#.#####..##.#...####
.o.# ##....#.o.@.......#......#
##.#####..#...R.####.####....#.#
#.##.....#..##.#............#.#
#o#<.###.#..##.#......##....#.#
#.#..# #.....#.##...#.####.##.#
#o#..###...###......#.........#
##.#........###....#.######.####
...#.#####..#.............#.#.#
.###....##.>#.#.####.####.#.R.#


You could see the friendly Belanum the ancestor and an orc warrior.

Vanquished Creatures
  An orc wizard (D:4)
  A bullfrog skeleton (D:4)
  3 gnolls (D:4)
  3 adders
  2 worms
  A dart slug (D:3)
  4 orcs
  4 giant cockroaches
  7 goblins
  8 hobgoblins
  2 jackals (D:2)
  A ball python (D:2)
  7 bats
  3 frilled lizards
  10 kobolds
  7 rats
64 creatures vanquished.

Vanquished Creatures (collateral kills)
  An ogre (D:4)
  An orc priest (D:3)
  A gnoll (D:4)
  2 adders
  2 worms
  4 orcs
  A jackal (D:2)
  A ball python skeleton (D:4)
  A bat (D:3)
  2 goblins (D:3)
16 creatures vanquished.

Vanquished Creatures (others)
  2 ancestors (D:3)
  An orc (D:3)
  A hobgoblin (D:3)
4 creatures vanquished.

Grand Total: 84 creatures vanquished

Notes
Turn   | Place    | Note
-------+----------+-------------------------------------------
     0 | D:1      | Monsterracer the Minotaur Gladiator began the quest for the Orb.
     0 | D:1      | Reached XP level 1. HP: 18/18 MP: 0/0
   350 | D:1      | Reached XP level 2. HP: 25/25 MP: 1/1
  1074 | D:2      | HP: 13/26 [kobold/whip (3)]
  1301 | D:1      | HP: 12/26 [adder (2)]
  1305 | D:1      | Reached XP level 3. HP: 12/31 MP: 2/2
  1307 | D:1      | HP: 11/31 [poisoned by an adder]
  1737 | D:2      | HP: 13/31 [worm (8)]
  1767 | D:2      | HP: 14/31 [ball python (2)]
  1804 | D:2      | HP: 14/33 [goblin/club (4)]
  1810 | D:2      | HP: 11/33 [goblin/club (2)]
  1819 | D:2      | HP: 7/33 [hobgoblin/club (5)]
  2509 | D:2      | Found a sacrificial altar of Ru.
  2560 | D:2      | Found a hazy altar of Hepliaklqana.
  2569 | D:2      | HP: 16/33 [poisoned by an adder]
  2570 | D:2      | Became a worshipper of Hepliaklqana the Forgotten
  2576 | D:2      | HP: 11/29 [poisoned by an adder]
  2583 | D:2      | HP: 10/29 [poisoned by an adder]
  2591 | D:2      | HP: 8/29 [poisoned by an adder]
  3183 | D:2      | Reached XP level 4. HP: 19/36 MP: 3/3
  3480 | D:3      | Found a radiant altar of Vehumet.
  3955 | D:3      | Reached skill level 1 in Invocations
  3955 | D:3      | Reached XP level 5. HP: 41/42 MP: 4/4
  4008 | D:3      | Reached skill level 5 in Dodging
  4395 | D:4      | HP: 19/42 [orc/trident (5)]
  4405 | D:4      | HP: 18/42 [orc/dagger (3)]
  4432 | D:4      | HP: 21/42 [ball python skeleton (1)]
  4443 | D:4      | HP: 19/42 [orc/trident (3)]
  4450 | D:4      | HP: 11/42 [orc/trident (1)]
  4721 | D:4      | Reached skill level 5 in Fighting
  4738 | D:4      | HP: 15/43 [gnoll/whip of electrocution (17)]
  4825 | D:4      | Noticed an ogre
  4994 | D:4      | Noticed an ogre
  5006 | D:4      | Killed an ogre
  5006 | D:4      | Reached XP level 6. HP: 43/50 MP: 6/6
  5123 | D:4      | Noticed an orc warrior
  5161 | D:3      | HP: 21/50 [orc warrior/halberd (11)]
  5413 | D:3      | HP: 2/50 [orc warrior/halberd (27)]
  5414 | D:3      | Demolished by an orc warrior

Skill      XL: |  1  2  3  4  5  6 |
---------------+-------------------+-----
Fighting       | 3 4 5 |  5.6
Dodging        | 4 5 |  5.8
Invocations    | 1 2 |  2.0
Long Blades    | |  3.6
Throwing       | |  2.0

Action                   |  1- 3 |  4- 6 || total
-------------------------+-------+-------++-------
Melee: Headbutt          |     3 |     3 ||     6
  Use: Scroll            |       |    11 ||    11
  Eat: Chunk             |     3 |     6 ||     9
       Ration            |     1 |       ||     1
Armor: Leather armour    |    55 |       ||    55
       Ring mail         |       |    50 ||    50
Dodge: Dodged            |   149 |   117 ||   266
       Rpst.: Long sword |    30 |    25 ||    55

Vault maps used:
D:1:      dpeg_arrival_refuge
D:2:      nicolae_ru_path_of_blood, lemuel_coloured_pillars_altar, first_ration
D:3:      fiery_altar_vehumet
D:4:      serial_shops, shop, st_stairs_6
